AoeStats
← bellotodelnorte

Arena

507366787Analyzed
2v2 RM · 13d ago on Sep 17, 2026· 26m 44s· 4 players
Game mode
Random Map
Map size
Medium (4 player)
Population
200
Speed
Normal
Resources
Standard
Victory
Conquest
Starting age
Dark Age
Ending age
Imperial Age
RankedLock teamsTeams togetherTeam positionsShared explorationLock speedFull tech treeHidden civsTurbo modeCheats
Victory
Defeat
🇲🇽 Franks · Mexico
1234
+14
🇧🇷 Cumans · Brazil
1205
+16
1242
-17
🇨🇱 Malay · Chile
1154
-13
☘[4:20]☘Rolando Mota dl Kmpo
7:37 Loom
9:58 Feudal Age
10:06 Feudal Age
14:09 Castle Age
12:21 Double-Bit Axe
13:49 Horse Collar
19:57 Redemption
19:58 Squires
22:01 Wheelbarrow
bellotodelnorte
11:33 Feudal Age
10:59 Loom
14:43 Loom
17:32 Castle Age
16:57 Double-Bit Axe
20:31 Squires
21:39 Forging
23:41 Iron Casting
22:31 Pikeman
SergioH26
9:57 Feudal Age
15:10 Castle Age
14:44 Double-Bit Axe
16:20 Bow Saw
18:45 Loom
26:25 Wheelbarrow
26:02 Town Watch
26:55 Scale Mail Armor
Thiers1789
5:44 Loom
8:58 Feudal Age
14:02 Horse Collar
16:53 Double-Bit Axe
22:33 Castle Age
21:43 Forging
21:39 Scale Barding Armor
22:38 Bloodlines
27:03 Heavy Plow
27:14 Bow Saw
26:55 Gold Mining
26:57 Stone Mining
Connection lost

Rejoining the realm…

Still unreachable

The connection could not be restored.

Session expired

The server has moved on; the page needs a fresh start.